 Dungeon Crawl Stone Soup version 0.31.0-12-g77e489cdc1 (webtiles) character file.

Game seed: 13883140214092189205

1897 monsoonserge the Slicer (level 8, -5/42 HPs)
             Began as a Spriggan Delver on Feb 21, 2024.
             Was a Priest of Nemelex Xobeh.
             Killed from afar by Maurice (19 damage)
             ... with a bolt of dispelling energy
             ... on level 7 of the Dungeon.
             The game lasted 00:26:49 (5697 turns).

monsoonserge the Slicer (Spriggan Delver)           Turns: 5697, Time: 00:26:50

Health: -5/42      AC:  4    Str:  8    XL:     8   Next: 93%
Magic:  12/12      EV: 29    Int: 11    God:    Nemelex Xobeh [***...]
Gold:   215        SH:  5    Dex: 25    Spells: 7/7 levels left

rFire   . . .        C - +2 dagger (venom)
rCold   . . .        (no shield)
rNeg    . . .        a - +2 robe {Will+}
rPois   .            (helmet restricted)
rElec   .            (no cloak)
rCorr   .            (gloves unavailable)
SInv    +            (boots unavailable)
Will    ++...        O - amulet of reflection
Stlth   ++++         b - +5 ring of evasion
HPRegen 0.27/turn    H - +6 ring of dexterity
MPRegen 0.13/turn

%: reflection
@: mighty, studying Short Blades, very quick
A: very small, no large weapons, unfitting armour, see invisible, speed 3
a: Renounce Religion, Draw Escape, Draw Destruction, Draw Summoning, Triple Draw


You were on level 7 of the Dungeon.
You worshipped Nemelex Xobeh.
Nemelex Xobeh was most pleased with you.
You visited 2 branches of the dungeon, and saw 8 of its levels.
You also visited: Ossuary.

You collected 681 gold pieces.
You spent 466 gold pieces at shops.

Inventory:

Hand Weapons
 C - a +2 dagger of venom (weapon)
Missiles
 G - 16 poisoned darts
 M - 5 atropa-tipped darts
 N - 2 boomerangs (quivered)
Armour
 a - a +2 robe of willpower (worn)
 k - a +0 robe of resistance
Jewellery
 b - a +5 ring of evasion (left hand)
 H - a +6 ring of dexterity (right hand)
 L - a ring of positive energy
 O - an amulet of reflection (around neck)
Talismans
 B - a beast talisman
Wands
 g - a wand of digging (2)
 P - a wand of flame (6)
Scrolls
 c - 3 scrolls of fog
 d - a scroll of revelation
 e - 2 scrolls of fear
 j - 4 scrolls of vulnerability {unknown}
 q - 3 scrolls of blinking
 u - 2 scrolls of amnesia
 w - 9 scrolls of teleportation
 x - a scroll of enchant weapon {unknown}
 D - a scroll of enchant armour {unknown}
 J - a scroll of brand weapon {unknown}
Potions
 f - 4 potions of haste
 h - 2 potions of cancellation
 l - 4 potions of lignification
 n - a potion of enlightenment {unknown}
 o - 3 potions of might
 r - 3 potions of curing
 s - 5 potions of heal wounds {unknown}
 t - a potion of berserk rage {unknown}
 v - a potion of invisibility {unknown}
 z - a potion of magic {unknown}
 A - 2 potions of ambrosia
 E - 4 potions of attraction
 F - 2 potions of brilliance
 I - 2 potions of resistance {unknown}
 K - 2 potions of mutation {unknown}


   Skills:
 + Level 4.1 Fighting
 * Level 9.4 Short Blades
 + Level 1.3 Throwing
 + Level 6.9 Dodging
 - Level 8.0 Stealth
 + Level 0.6 Shields
 * Level 4.3 Invocations
 + Level 0.1 Evocations


You had 7 spell levels left.
You didn't know any spells.
Your spell library contained the following spells:

 Spells                   Type           Power      Damage    Failure   Level
 Dazzling Flash           Conj/Hex       0%         N/A       71%         3
 Volatile Blastmotes      Fire/Tloc      0%         2d10      71%         3
 Vhi's Electric Charge    Tloc/Air       0%         N/A       98%         4
 Arcjolt                  Conj/Air       0%         1d10      100%        5
 Starburst                Conj/Fire      0%         6d3       100%        6
 Maxwell's Capacitive Co  Air            0%         ∞         100%        8


Dungeon Overview and Level Annotations

Branches:
Dungeon (7/15)             Temple (1/1) D:6         Ossuary (visited)

Altars:
Ashenzari
Cheibriados
Dithmenos
Elyvilon
Fedhas
Gozag
Hepliaklqana
Kikubaaqudgha
Nemelex Xobeh
Okawaru
Qazlal
Ru
Vehumet
Xom
Yredelemnul
Zin

Shops:
D:4 ?*[*

Annotations:
D:7 Maurice


Innate Abilities, Weirdness & Mutations

You are very small and have problems with some larger weapons.
You are too small for most types of armour.
You have supernaturally acute eyesight. (SInv)
You cover ground extremely quickly. (Speed+++)


Message History

You hit Maurice.
Maurice looks as sick as possible!
Maurice is moderately wounded.
You hit Maurice.
Maurice looks as sick as possible!
Maurice is heavily wounded.
Maurice completely misses you. Maurice barely misses you.
You hit Maurice but do no damage.
Maurice looks as sick as possible!
Maurice is heavily wounded.
Maurice zaps a wand.
The bolt of dispelling energy misses you.
You closely miss Maurice.
Maurice is heavily wounded.
You hit Maurice.
Maurice looks as sick as possible!
Maurice is heavily wounded.
Maurice completely misses you. Maurice misses you.
You barely miss Maurice.
Maurice is heavily wounded.
Maurice hits you with a +1 short sword of speed!
Maurice steals 1 of your 3 boomerangs! Maurice completely misses you.
You hit Maurice.
Maurice is heavily wounded.
Maurice zaps a wand.
The bolt of dispelling energy misses you.
Okay, then.
You hit Maurice.
Maurice is heavily wounded.
You barely miss Maurice.
Maurice is heavily wounded.
Maurice barely misses you. Maurice completely misses you.
You hit Maurice but do no damage.
Maurice looks as sick as possible!
Maurice is heavily wounded.
Maurice completely misses you. You block Maurice's attack.
Okay, then.
You feel very mighty all of a sudden.
Maurice mumbles some strange words.
Maurice blinks!
Maurice zaps a wand.
The bolt of dispelling energy hits you!!
Your magical effects are unravelling.
You die...
Your body glows with a rainbow of weird colours and disappears.

#.#.# ###.#.#....#
#.#.# #...#.#..###
#.#.###.###....###
#.#.#............#.
#.#.###............
####.#.###.....#......
#.....).............##
##.#....##..####.#..#
#....@..............#
##.##f#.##..####.#..#
#. #.#.##..# .##.# #
#........ ..
#.#.##.... #.#.###..#
..#.# ..# ###


You could see Maurice (invisible, extremely poisoned).

Vanquished Creatures
  Menkaure (D:4)
  A water moccasin (D:5)
  A black bear (D:7)
  A sky beast (D:7)
  An ogre (D:5)
  A kobold brigand (D:7)
  6 scorpions
  A bombardier beetle (D:6)
  4 hounds
  2 orc priests (D:4)
  A sleepcap (D:6)
  Ijyb (D:4)
  5 iguanas
  4 mummies (Ossuary)
  9 adders
  2 white imps
  2 ufetubi (D:5)
  2 dart slugs
  A ribbon worm (D:3)
  6 orcs
  6 bats
  5 endoplasms
  A giant cockroach (D:1)
  3 gnoll zombies (Ossuary)
  7 goblins
  5 hobgoblins
  5 quokkas
  7 ball pythons
  A hobgoblin zombie (Ossuary)
  10 kobolds
  3 kobold zombies (Ossuary)
  An orc zombie (Ossuary)
  5 rats
111 creatures vanquished.

Vanquished Creatures (collateral kills)
  A water moccasin (D:6)
  4 wights (D:6)
  4 mummies (Ossuary)
9 creatures vanquished.

Vanquished Creatures (others)
  A kobold (D:7)
1 creature vanquished.

Grand Total: 121 creatures vanquished

Notes
Turn   | Place    | Note
-------+----------+-------------------------------------------
     0 | D:5      | monsoonserge the Spriggan Delver began the quest for the
                  | Orb.
     0 | D:5      | Reached XP level 1. HP: 11/11 MP: 2/2
     6 | D:5      | Noticed a bombardier beetle
     7 | D:5      | Noticed a scorpion
    11 | D:5      | Noticed a water moccasin
    11 | D:5      | Noticed an ogre
    12 | D:5      | Noticed a sleepcap
    43 | D:6      | Noticed a scorpion
    45 | D:6      | Found a sand-covered staircase.
    70 | D:6      | Found a blossoming altar of Fedhas.
   110 | D:6      | Found a staircase to the Ecumenical Temple.
   118 | Temple   | Entered the Ecumenical Temple
   145 | Temple   | Became a worshipper of Nemelex Xobeh the Trickster
   208 | D:6      | Noticed a quasit
   208 | D:6      | Noticed a quasit
   208 | D:6      | Noticed a quasit
   337 | D:6      | Noticed a sleepcap
   492 | D:6      | Reached * piety under Nemelex Xobeh
   513 | D:6      | Noticed a water moccasin
   515 | D:6      | Noticed a wight
   515 | D:6      | Noticed a wight
   515 | D:6      | Noticed a wight
   573 | D:5      | Received a gift from Nemelex Xobeh
   645 | Ossuary  | Entered an ossuary
   665 | Ossuary  | Reached XP level 2. HP: 14/16 MP: 3/3
   665 | Ossuary  | Reached XP level 3. HP: 17/19 MP: 4/4
   687 | Ossuary  | Reached skill level 1 in Invocations
   708 | Ossuary  | Reached skill level 3 in Short Blades
   708 | Ossuary  | Reached XP level 4. HP: 15/23 MP: 6/6
  1011 | D:4      | Found Jagitsal's Armour Shop.
  1032 | D:4      | Found Axagat Sucix's Assorted Antiques.
  1036 | D:4      | Bought a fuming blue potion for 16 gold pieces
  1036 | D:4      | Bought a scroll labelled RUUHEABRAK for 18 gold pieces
  1036 | D:4      | Bought a scroll labelled UDYHUIRYUSTU for 18 gold pieces
  1036 | D:4      | Bought a black potion for 16 gold pieces
  1036 | D:4      | Bought a scroll labelled ACZOWE MUARUX for 18 gold pieces
  1036 | D:4      | Bought a fuming blue potion for 16 gold pieces
  1036 | D:4      | Bought a blackened marble ring for 90 gold pieces
  1036 | D:4      | Bought a scroll labelled LIXZID KEFIQY for 18 gold pieces
  1323 | D:1      | Reached XP level 5. HP: 28/28 MP: 7/7
  1652 | D:1      | Reached ** piety under Nemelex Xobeh
  2376 | D:2      | Reached skill level 4 in Short Blades
  2534 | D:3      | Found a glowing silver altar of Zin.
  2604 | D:3      | Received a gift from Nemelex Xobeh
  2984 | D:3      | Reached *** piety under Nemelex Xobeh
  3083 | D:4      | Noticed Menkaure
  3210 | D:4      | Reached XP level 6. HP: 32/32 MP: 8/8
  3228 | D:4      | Found Keceq's Assorted Antiques.
  3231 | D:4      | Bought a scroll labelled RUUHEABRAK for 26 gold pieces
  3231 | D:4      | Bought a yellow potion for 23 gold pieces
  3231 | D:4      | Bought a white potion for 23 gold pieces
  3231 | D:4      | Bought 2 viscous white potions for 46 gold pieces
  3279 | D:4      | Killed Menkaure
  3280 | D:4      | Reached skill level 5 in Short Blades
  3666 | D:4      | Reached XP level 7. HP: 36/36 MP: 10/10
  3747 | D:4      | Reached skill level 6 in Short Blades
  3980 | D:4      | Noticed Ijyb
  3988 | D:4      | Found Kuexun's Magic Scroll Shop.
  4019 | D:4      | Killed Ijyb
  4024 | D:4      | Bought a scroll of noise for 12 gold pieces
  4024 | D:4      | Bought a scroll of teleportation for 36 gold pieces
  4024 | D:4      | Bought a scroll of blinking for 90 gold pieces
  4351 | D:5      | Reached skill level 7 in Short Blades
  4393 | D:5      | Reached skill level 5 in Dodging
  4410 | D:5      | Reached XP level 8. HP: 21/42 MP: 11/11
  5102 | D:6      | Reached skill level 8 in Short Blades
  5186 | D:6      | Reached skill level 1 in Throwing
  5279 | D:7      | Identified a scroll of acquirement
  5280 | D:7      | Acquired a manual of Short Blades
  5366 | D:7      | Reached skill level 9 in Short Blades
  5665 | D:7      | Noticed Maurice
  5676 | D:7      | Maurice stole a +6 ring of intelligence
  5689 | D:7      | Maurice stole 3 boomerangs
  5697 | D:7      | Killed from afar by Maurice

Illustrated notes

Levels and vault maps discovered:
D:1:      ncdulo_smallfort, layout_loops_ring
D:2:      layout_basic, hangedman_decor_growths, minmay_misc_feat_enclosed
D:3:      layout_basic, zin_treasury
D:4:      layout_loops_ring, serial_shops, shop, nicolae_shop_behind_doors,
          shop_statue, shop, uniq_menkaure, uniq_ijyb
D:5:      layout_basic
D:6:      cheibrodos_quashed, layout_cave_pods, old_standard_altar,
          minmay_temple_entry_glassed_door, enter_ossuary_3
D:7:      layout_basic, nicolae_shop_i_like_big_books, hangedman_misty_isle,
          uniq_maurice, uniq_maggie, uniq_joseph
Temple:   dpeg_chambers_temple

Skill      XL: |  1  2  3  4  5  6  7  8 |
---------------+-------------------------+-----
Stealth        | 8 |  8.0
Invocations    | 1 2 3 4 |  4.3
Short Blades   | 3 4 5 7 9 |  9.4
Dodging        | 3 4 5 6 |  6.9
Fighting       | 3 4 |  4.1
Throwing       | 1 |  1.3
Shields        | |  0.6
Evocations     | |  0.1

Action                     |  1- 3 |  4- 6 |  7- 9 || total
---------------------------+-------+-------+-------++-------
  Melee: Short sword       |    15 |    90 |       ||   105
         Dagger            |       |    93 |   198 ||   291
         Punch             |       |       |     3 ||     3
  Throw: Boomerang         |       |       |    17 ||    17
 Invoke: Draw Destruction  |     6 |     2 |       ||     8
         Draw Summoning    |     1 |       |     1 ||     2
  Evoke: Wand              |       |     1 |       ||     1
    Use: Scroll            |     1 |       |    11 ||    12
         Potion            |       |       |     1 ||     1
   Stab: Sleeping          |     1 |    14 |     2 ||    17
         Distracted        |       |     2 |       ||     2
 Armour: Robe              |     4 |    28 |    33 ||    65
  Dodge: Dodged            |    10 |   142 |   121 ||   273
  Block: Other             |       |       |    21 ||    21
         Reflection        |       |       |     1 ||     1
